 Dungeon Crawl Stone Soup version 0.27.0-1-g7a089689b8 (webtiles) character file.

Game seed: 3185186990836690179

50 SnakkuSnakku7 the Cudgeller (level 3, 0/27 HPs)
             Began as a Mummy Warper on Aug 12, 2021.
             Slain by a jackal (1 damage)
             ... on level 2 of the Dungeon.
             The game lasted 00:02:14 (1703 turns).

SnakkuSnakku7 the Cudgeller (Mummy Warper)          Turns: 1703, Time: 00:02:14

Health: 0/27       AC:  3    Str: 15    XL:     3   Next: 55%
Magic:  7/7        EV: 11    Int: 12    God:
Gold:   19         SH:  0    Dex: 11    Spells: 7/7 levels left

rFire    x . .     SeeInvis .   a - +0 mace
rCold    + . .     Faith    .   (no shield)
rNeg     + + +     Spirit   .   b - +0 leather armour
rPois    ∞         Reflect  .   (no helmet)
rElec    .         Harm     .   (no cloak)
rCorr    .         Rampage  .   (no gloves)
Will     .....                  (no boots)
Stlth    +.........             (no amulet)
HPRegen  0.09/turn              (no ring)
MPRegen  0.10/turn              (no ring)

@: no status effects
A: cold resistance 1, negative energy resistance 3, torment resistance 2, heat
vulnerability 1, no potions
a: no special abilities


You were on level 2 of the Dungeon.
You visited 1 branch of the dungeon, and saw 3 of its levels.

You collected 19 gold pieces.

Inventory:

Hand Weapons
 a - a +0 mace (weapon)
Missiles
 d - 5 boomerangs of dispersal (quivered)
Armour
 b - a +0 leather armour (worn)
Scrolls
 c - a scroll of blinking
 e - a scroll of amnesia {unknown}
 f - a scroll of teleportation {unknown}
 g - a scroll of brand weapon {unknown}
 h - a scroll of identify {unknown}
 i - a scroll of noise {unknown}


   Skills:
 - Level 2.0 Fighting
 + Level 3.3 Maces & Flails
 - Level 0.7 Throwing
 - Level 0.7 Armour
 - Level 1.5 Dodging
 - Level 2.6 Spellcasting
 - Level 2.4 Translocations


You had 7 spell levels left.
You didn't know any spells.
Your spell library contained the following spells:

 Spells                   Type           Power      Damage    Failure   Level
 Blink                    Tloc           N/A        N/A       17%         2
 Corona                   Hex            1%         N/A       30%         1
 Gell's Gravitas          Tloc           3%         N/A       34%         3
 Lesser Beckoning         Tloc           3%         N/A       34%         3
 Teleport Other           Tloc           7%         N/A       34%         3
 Ensorcelled Hibernation  Hex/Ice        2%         N/A       43%         2
 Tukima's Dance           Hex            1%         N/A       67%         3
 Manifold Assault         Tloc           7%         N/A       97%         5


Dungeon Overview and Level Annotations

Branches:
Dungeon (3/15)

Altars:
Nemelex Xobeh


Innate Abilities, Weirdness & Mutations

You are immune to poison.
Your flesh is cold resistant. (rC+)
You are immune to negative energy. (rN+++)
You are immune to unholy pain and torment.
You are vulnerable to heat. (rF-)
You do not drink.


Message History

You hit the endoplasm.
You kill the endoplasm!
A ball python comes into view.
The jackal bites you but does no damage.
The jackal closely misses you.
Unknown command.
The ball python hisses angrily.
You hit the jackal.
The jackal is severely wounded.
The jackal closely misses you.
You hit the jackal.
You kill the jackal!
You hit the ball python.
You kill the ball python!
You see here a ball python corpse.
i - a scroll labelled KAEFOUGROI You see here a +0 dagger.
A jackal comes into view.
A jackal comes into view.
You closely miss the jackal. The jackal closely misses you.
The jackal barely misses you.
The jackal barks!
You hit the jackal.
The jackal is heavily wounded.
The jackal closely misses you. The jackal completely misses you.
The jackal misses you.
You see here a ball python corpse.
The jackal bites you.
* * * LOW HITPOINT WARNING * * *
You hit the jackal.
The jackal is almost dead.
The jackal bites you.
* * * LOW HITPOINT WARNING * * *
The jackal bites you.
* * * LOW HITPOINT WARNING * * *
Unknown command.
You hit the jackal.
You kill the jackal!
The jackal bites you.
You die...

#. #...########......#
.#.###.######...#.....##......##
................................
##.###...........<....##......##
####.###...#.....##......# #.#
#...#.....##......#
###.###...#.....##......#
#...).....h.....#########
#.#.###..@#.....# #.#.#
#...#.....# . #.#.# #...#.....#
. #)#.# #...#†....#
#.#.#.#######.....#
#.#.#.............# .
#.#.#...........###
...##...#.......)...#
....................#


You could see a jackal.

Vanquished Creatures
  An adder (D:3)
  A dart slug (D:1)
  5 endoplasms
  A giant cockroach (D:1)
  5 goblins
  A hobgoblin (D:1)
  5 jackals
  4 kobolds
  2 quokkas
  3 ball pythons
  3 bats (D:1)
  A frilled lizard (D:1)
  3 rats
35 creatures vanquished.

Notes
Turn   | Place    | Note
-------+----------+-------------------------------------------
     0 | D:1      | SnakkuSnakku7 the Mummy Warper began the quest for the Orb.
     0 | D:1      | Reached XP level 1. HP: 16/16 MP: 4/4
    25 | D:1      | Found a faded altar of an unknown god.
    80 | D:1      | Reached skill level 2 in Maces & Flails
   206 | D:1      | Reached XP level 2. HP: 17/22 MP: 5/5
  1040 | D:1      | Reached XP level 3. HP: 19/27 MP: 7/7
  1390 | D:2      | You fall into a shaft and drop 1 floor!
  1417 | D:3      | Found a sparkling altar of Nemelex Xobeh.
  1455 | D:3      | Reached skill level 3 in Maces & Flails
  1701 | D:2      | HP: 1/27 [jackal (2)]
  1703 | D:2      | Slain by a jackal

Illustrated notes

Levels and vault maps discovered:
D:1:      grunt_arrival_crossed_arrows, layout_loops_corners,
          shapermc_ecumenical_altar_starsandcircs, grunt_decor_resistance,
          minmay_surrounded
D:2:      layout_basic, basic_altar, serial_shops, nicolae_square_shop,
          uniq_robin
D:3:      layout_basic, nemelex_altar_shiori, mainiacjoe_overflow_catwalk,
          mainiacjoe_overflow_small_starburst, serial_shops, shop_statue

Skill      XL: |  1  2  3 |
---------------+----------+-----
Maces & Flails | 2 3 |  3.3
Fighting       | |  2.0
Throwing       | |  0.7
Armour         | |  0.7
Dodging        | |  1.5
Spellcasting   | |  2.6
Translocations | |  2.4

Action                   || total
-------------------------++-------
Melee: Mace              ||   126
Armor: Leather armour    ||    56
Dodge: Dodged            ||    94
